Map: 카이로스 정션 - 래더

Players

InZaNe

  • Race: Terran Terran
  • League: Grandmaster
  • Spawn Location: 11:00

lllIIIIllll (Creator) - Winner!

  • Race: Protoss Protoss
  • League: Master
  • Spawn Location: 5:00

Event: HomeStory Cup XIX

VOD

Have the link to the VOD?

Description

Time

  • Played on: June 27, 2019, 8:36 a.m.
  • Length: 9:59

All games in this series

Show
View Real Time Build Order
Export as new Build Order

InZaNe Terran 

Build Orders: Reaper Expand 

Get SALT Encoding   

  12  0:00  SCV  
  13  0:12  SCV  
  14  0:16  Supply Depot  
  14  0:24  SCV  
  15  0:38  SCV  
  15  0:40  Barracks  
  16  0:45  Refinery  
  16  0:50  SCV  
  17  1:02  SCV  
  18  1:14  SCV  
  19  1:28  Reaper  
  19  1:29  Orbital Command  
  20  1:44  Command Center  
  20  1:52  Supply Depot  
  20  1:56  SCV  
  21  2:01  Barracks Reactor  
  21  2:08  SCV  
  22  2:10  Refinery  
  22  2:20  SCV  
  23  2:23  Factory  
  23  2:32  SCV  
  24  2:40  Marine x2  
  25  2:44  SCV  
  26  2:56  Orbital Command, SCV  
  26  2:57  Marine  
  26  2:58  Marine  
  29  3:07  Widow Mine, Starport  
  29  3:08  SCV  
  32  3:15  Marine x2  
  33  3:20  SCV  
  33  3:28  SCV  
  33  3:31  Widow Mine  
  33  3:32  SCV  
  33  3:33  Marine x2  
  37  3:40  SCV  
  38  3:45  SCV, Medivac  
  41  3:50  Bunker  
  41  3:51  Marine x2, Supply Depot  
  41  3:53  SCV  
  44  3:57  Factory Tech Lab, SCV  
  44  3:59  Barracks  
  45  4:05  SCV  
  46  4:11  Supply Depot  
  46  4:12  Marine x2, SCV  
  46  4:16  Starport Tech Lab  
  49  4:17  SCV  
  49  4:18  Barracks  
  49  4:22  Supply Depot  
  50  4:26  Siege Tank  
  50  4:29  SCV  
  54  4:32  SCV  
  54  4:35  Marine x2  
  57  4:41  SCV  
  57  4:44  SCV, Starport Reactor  
  59  4:52  Engineering Bay, Refinery  
  59  4:53  Marine x2, SCV  
  59  4:54  Refinery  
  59  4:56  SCV  
  59  4:57  Stimpack, Marine  
  64  5:03  Siege Tank  
  64  5:06  Barracks Tech Lab, SCV  
  68  5:09  SCV  
  68  5:12  Supply Depot  
  65  5:15  Marine x2  
  65  5:18  SCV  
  65  5:19  Marauder  
  70  5:25  Combat Shield, Marine  
  69  5:30  SCV  
  69  5:31  Terran Infantry Weapons Level 1  
  69  5:35  Marine x2  
  72  5:42  Siege Tank, Marauder  
  77  5:48  SCV  
  78  5:50  Marauder  
  78  5:53  Supply Depot x2  
  80  5:57  Marine  
  80  5:58  Marine, Supply Depot  
  82  6:04  Marauder  
  84  6:12  Marauder  
  84  6:15  Siege Tank  
  84  6:16  Medivac  
  84  6:17  Marine x2  
  93  6:18  Medivac  
  95  6:29  Marauder  
  97  6:34  Marauder  
  97  6:37  Marine x2  
  101  6:42  Supply Depot  
  101  6:43  Command Center  
  101  6:45  Concussive Shells  
  101  6:50  Siege Tank, Marauder  
  106  6:56  Marine x2  
  106  6:57  Marauder  
  110  7:05  Supply Depot  
  110  7:06  SCV x2  
  98  7:13  Marauder  
  96  7:15  Marine x2  
  96  7:18  Marauder  
  82  7:37  Marauder, Siege Tank, Marine x2, Medivac x2  
  77  7:41  SCV  
  77  7:42  SCV  
  77  7:43  Terran Infantry Armor Level 1  
  90  7:46  Marauder  
  92  7:54  SCV x2  
  92  7:56  Barracks  
  92  7:57  Barracks  
  94  7:58  Marine x2  
  94  7:59  Factory  
  94  8:00  Marauder  
  98  8:06  SCV x2  
  98  8:08  Marauder  
  98  8:12  Siege Tank, Viking  
  107  8:15  Viking  
  107  8:16  Marine x2  
  111  8:21  Orbital Command  
  111  8:23  SCV x2  
  113  8:27  Marauder  
  115  8:35  Refinery, SCV x2  
  115  8:37  Marine, Refinery  
  115  8:38  Marauder, Marine  
  121  8:42  Missile Turret  
  121  8:43  Supply Depot  
  121  8:44  Factory Tech Lab, Medivac  
  121  8:46  Barracks Reactor x2  
  123  8:52  Medivac  
  123  8:54  Marine  
  126  8:57  Siege Tank  
  126  9:01  Marine x2  
  131  9:06  Supply Depot  
  131  9:08  Supply Depot  
  130  9:11  Marauder  
  130  9:12  Marauder  
  104  9:17  Siege Tank  
  104  9:19  Marine x2  
  104  9:22  Marine  
  104  9:23  Marine x2  
  87  9:32  Marauder  
  87  9:33  Marine  
  87  9:34  Marauder  
  87  9:36  Marine  
Show
View Real Time Build Order
Export as new Build Order

lllIIIIllll Protoss - Winner!

Build Orders: 1 Gate Expand, Blink Stalkers, Colossus Rush 

Get SALT Encoding   

  12  0:00  Probe  
  13  0:12  Probe  
  14  0:17  Pylon  
  14  0:24  Probe  
  15  0:32  Probe  
  15  0:38  Gateway  
  15  0:40  Probe  
  16  0:45  Assimilator  
  17  0:51  Probe  
  18  1:03  Probe  
  19  1:15  Probe  
  20  1:26  Cybernetics Core  
  20  1:33  Nexus  
  20  1:35  Probe  
  21  1:44  Pylon  
  21  1:47  Assimilator  
  21  1:50  Probe  
  21  1:52  Adept  
  22  2:02  Probe  
  22  2:03  Warp Gate  
  25  2:14  Probe  
  26  2:22  Adept  
  28  2:27  Probe  
  29  2:30  Robotics Facility  
  29  2:39  Probe  
  30  2:44  Probe  
  30  2:47  Probe, Twilight Council  
  31  2:52  Probe  
  31  2:55  Probe  
  33  3:01  Probe  
  35  3:06  Probe  
  35  3:08  Blink  
  36  3:13  Probe  
  36  3:15  Gateway  
  37  3:21  Observer  
  37  3:23  Probe  
  37  3:25  Probe, Gateway  
  38  3:36  Probe x2  
  38  3:37  Pylon  
  40  3:42  Warp Prism  
  40  3:44  Probe  
  42  3:48  Probe  
  42  3:51  Pylon  
  42  3:53  Probe  
  44  3:57  Stalker  
  44  4:00  Probe  
  48  4:04  Assimilator  
  48  4:06  Assimilator  
  48  4:07  Probe  
  49  4:12  Probe  
  49  4:13  Robotics Bay  
  50  4:17  Forge  
  50  4:21  Stalker  
  50  4:23  Observer  
  52  4:24  Stalker  
  52  4:29  Pylon  
  54  4:32  Probe  
  54  4:33  Probe  
  54  4:37  Stalker  
  58  4:45  Probe x2  
  60  4:46  Stalker  
  60  4:51  Disruptor  
  61  5:02  Protoss Ground Weapons Level 1  
  64  5:16  Disruptor  
  64  5:18  Probe x2  
  66  5:26  Nexus  
  66  5:28  Pylon  
  69  5:30  Pylon  
  69  5:34  Probe  
  69  5:35  Pylon  
  70  5:39  Charge  
  70  5:42  Colossus  
  70  5:45  Gateway  
  70  5:46  Probe  
  70  5:47  Gateway  
  69  5:56  Probe  
  76  5:58  Probe  
  76  6:00  Gateway  
  76  6:03  Gateway  
  77  6:07  Extended Thermal Lance  
  77  6:09  Probe  
  77  6:10  Probe  
  79  6:15  Sentry, Zealot x2  
  85  6:23  Shield Battery  
  85  6:28  Colossus  
  85  6:35  Photon Cannon  
  85  6:36  Shield Battery  
  91  6:43  Protoss Ground Armor Level 1  
  91  6:45  Sentry  
  91  6:46  Zealot  
  95  6:50  Sentry, Zealot x2  
  101  6:56  Zealot  
  103  7:15  Stalker x4  
  109  7:18  Pylon  
  109  7:19  Pylon  
  97  7:37  Stalker x3, Colossus  
  97  7:39  Probe x3  
  106  7:45  Pylon  
  106  7:48  Pylon  
  112  7:53  Zealot x2  
  112  7:55  Probe x3  
  119  8:07  Probe x3  
  119  8:08  Assimilator, Templar Archives  
  119  8:11  Pylon  
  119  8:12  Assimilator  
  122  8:15  Zealot x5  
  132  8:31  Immortal  
  136  8:38  Zealot x4  
  144  8:44  Pylon  
  143  8:50  Zealot, High Templar x2  
  149  8:56  Archon  
  149  9:03  Nexus  
  109  9:35  Zealot x5  
  109  9:36  Zealot x2  
  122  9:40  Probe x3  
  122  9:44  Pylon  
  125  9:53  Forge  
  125  9:54  Gateway  
  125  9:55  Gateway  
  125  9:56  High Templar  
  125  9:57  High Templar x4  
Tags
 
Add a new tag
Caveats
  • Supply blocks, unpowered buildings, or Contaminate may cause inaccurate times.
  • Supply counts are checked every 10 seconds.